 Dungeon Crawl Stone Soup version 0.25-a0-341-g6f074c887a (webtiles) character file.

Game seed: 17675678585858647865, levelgen mode: deterministic

853 Essalna the Vexing (level 8, -1/60 HPs)
             Began as a Gnoll Arcane Marksman on Dec 30, 2019.
             Was an Initiate of Ashenzari.
             Slain by an ogre
             ... wielding a +0 giant club
              (13 damage)
             ... on level 7 of the Dungeon.
             The game lasted 00:21:07 (5712 turns).

Essalna the Vexing (Gnoll Arcane Marksman)          Turns: 5712, Time: 00:21:07

Health: -1/60      AC:  7    Str: 14    XL:     8   Next: 1%
Magic:  7/14       EV: 15    Int: 17    God:    Ashenzari [......]
Gold:   200        SH:  0    Dex: 15    Spells: 10/15 levels left

rFire    . . .     SeeInvis .   l - +2 dagger (vamp)
rCold    + . .     Gourm    .   (no shield)
rNeg     . . .     Faith    .   A - +2 leather armour {rC+}
rPois    .         Spirit   .   (no helmet)
rElec    .         Reflect  .   (no cloak)
rCorr    .         Harm     .   s - +0 pair of gloves
MR       .....                  u - +0 pair of boots
Stlth    ++........             (no amulet)
HPRegen  0.20/turn              t - ring of flight
MPRegen  0.14/turn              (no ring)

@: very slightly contaminated
A: distributed training, fangs 1, strong nose
a: Curse Item, Renounce Religion, Evoke Flight


You were on level 7 of the Dungeon.
You worshipped Ashenzari.
Ashenzari was noncommittal.
You were hungry.

You visited 2 branches of the dungeon, and saw 8 of its levels.

You collected 200 gold pieces.

Inventory:

Hand Weapons
 a - a +0 hunting sling
 c - a +3 mace of holy wrath
 l - a +2 vampiric dagger (weapon)
 n - a cursed +0 short sword
 o - a +2 mace of protection
 y - a +0 short sword of speed
Missiles
 d - 15 sling bullets
 g - 219 stones (quivered)
 k - 5 boomerangs of dispersal
Armour
 e - a +0 robe
 q - a +0 leather armour
 s - a +0 pair of gloves (worn)
 u - a +0 pair of boots (worn)
 A - a +2 leather armour of cold resistance (worn)
 D - a +1 robe of cold resistance
Magical Staves
 r - an uncursed staff of cold
Jewellery
 t - a ring of flight (left hand)
 I - an uncursed ring of flight
Scrolls
 h - a scroll of remove curse
 j - 12 scrolls of identify
 m - a scroll of blinking
 z - a scroll of enchant armour {unknown}
 B - a scroll of fog {unknown}
 E - a scroll of amnesia {unknown}
 G - a scroll of teleportation
 H - a scroll of fear {unknown}
Potions
 b - a potion of magic
 i - 2 potions of cancellation {unknown}
 p - 2 potions of flight {unknown}
 v - 2 potions of agility {unknown}
 w - 2 potions of curing
 x - a potion of brilliance {unknown}
 C - a potion of degeneration {unknown}
 F - a potion of lignification {unknown}
Comestibles
 f - 11 rations
 J - 3 chunks of flesh


   Skills:
 + Level 3.8 Fighting
 + Level 2.8 Short Blades
 + Level 2.8 Long Blades
 + Level 2.8 Axes
 + Level 2.8 Maces & Flails
 + Level 2.8 Polearms
 + Level 2.8 Staves
 + Level 5.4 Slings
 + Level 2.8 Bows
 + Level 2.8 Crossbows
 + Level 2.8 Throwing
 + Level 2.8 Armour
 + Level 5.4 Dodging
 + Level 2.8 Stealth
 + Level 2.8 Shields
 + Level 2.8 Unarmed Combat
 + Level 4.0 Spellcasting
 + Level 2.2 Conjurations
 + Level 5.9 Hexes
 + Level 2.2 Charms
 + Level 2.2 Summonings
 + Level 2.2 Necromancy
 + Level 2.2 Translocations
 + Level 2.2 Transmutations
 + Level 2.2 Fire Magic
 + Level 2.2 Ice Magic
 + Level 2.2 Air Magic
 + Level 2.2 Earth Magic
 + Level 2.2 Poison Magic
 + Level 3.1 Invocations
 + Level 2.8 Evocations


You had 10 spell levels left.
You knew the following spells:

 Your Spells              Type           Power        Failure   Level  Hunger
a - Corona                Hex            ###....      1%          1    None
b - Cause Fear            Hex            ###.......   17%         4    ####...

Your spell library contained the following spells:

 Spells                   Type           Power        Failure   Level  Hunger
 Slow                     Hex            ###.....     2%          2    ##.....
 Inner Flame              Hex/Fire       ###.....     11%         3    ###....
 Portal Projectile        Hex/Tloc       ###...       11%         3    ###....
 Leda's Liquefaction      Hex/Erth       ###.......   34%         4    ####...


Dungeon Overview and Level Annotations

Branches:
Dungeon (7/15)             Temple (1/1) D:5

Altars:
Ashenzari
Cheibriados
Elyvilon
Fedhas
Gozag
Hepliaklqana
Kikubaaqudgha
Makhleb
Nemelex Xobeh
Okawaru
Qazlal
Ru
Sif Muna
Trog
Uskayaw
Vehumet
Wu Jian
Yredelemnul
Zin
The Shining One

Annotations:
D:5 Eustachio


Innate Abilities, Weirdness & Mutations

Your experience applies equally to all skills.
You have very sharp teeth.
Your uncanny sense of smell can sniff out nearby items.


Message History

The ogre is moderately wounded.
You hit the ogre. Your bite misses the ogre.
The ogre is heavily wounded.
The ogre hits you with a +0 giant club.
You closely miss the ogre.
The ogre is heavily wounded.
The ogre hits you but does no damage.
You are feeling hungry.
You hit the ogre but do no damage. You bite the ogre.
The ogre is heavily wounded.
You barely miss the ogre. You bite the ogre, but do no damage.
The ogre is heavily wounded.
The ogre hits you with a +0 giant club!!
* * * LOW HITPOINT WARNING * * *
You hit the ogre but do no damage.
The ogre is heavily wounded.
You completely miss the ogre.
The ogre is heavily wounded.
The ogre hits you with a +0 giant club!
You die...

.##########..#
O.......<.....#
##..#..#.######.#
...# .. #.# ##..#
## ... #..# #.##
#)## .# #.O## #.
##.@# . ##.?#
#...# #!....
##.#..# ∆ .#.##
.#∆# .#


You could see an ogre.

Vanquished Creatures
  A phantom (D:4)
  An ogre (D:4)
  A crocodile (D:3)
  A bullfrog (D:5)
  A water moccasin skeleton (D:5)
  A crimson imp (D:5)
  A hound (D:7)
  3 orc priests
  An orc wizard (D:4)
  2 bullfrog skeletons
  2 worker ant zombies
  2 gnolls (D:7)
  9 adders
  A shadow imp (D:5)
  An ooze (D:4)
  4 worms (D:2)
  A dart slug (D:3)
  5 leopard geckos
  17 orcs
  6 bats
  7 giant cockroaches
  13 goblins
  5 hobgoblins
  3 jackals (D:1)
  5 kobolds
  A quokka (D:4)
  3 ball pythons
  A giant cockroach zombie (D:6)
  A jackal skeleton (D:5)
  4 rats
104 creatures vanquished.

Notes
Turn   | Place    | Note
-------+----------+-------------------------------------------
     0 | D:1      | Essalna the Gnoll Arcane Marksman began the quest for the
                  | Orb.
     0 | D:1      | Reached XP level 1. HP: 17/17 MP: 4/4
   231 | D:1      | Reached XP level 2. HP: 22/23 MP: 5/5
   851 | D:2      | Reached XP level 3. HP: 27/28 MP: 7/7
  1050 | D:2      | Reached skill level 1 in Invocations
  1119 | D:2      | Reached skill level 1 in Short Blades
  1119 | D:2      | Reached skill level 1 in Long Blades
  1119 | D:2      | Reached skill level 1 in Axes
  1119 | D:2      | Reached skill level 1 in Maces & Flails
  1119 | D:2      | Reached skill level 1 in Polearms
  1119 | D:2      | Reached skill level 1 in Staves
  1119 | D:2      | Reached skill level 1 in Bows
  1119 | D:2      | Reached skill level 1 in Crossbows
  1119 | D:2      | Reached skill level 1 in Throwing
  1119 | D:2      | Reached skill level 1 in Armour
  1119 | D:2      | Reached skill level 1 in Stealth
  1119 | D:2      | Reached skill level 1 in Shields
  1119 | D:2      | Reached skill level 1 in Unarmed Combat
  1119 | D:2      | Reached skill level 1 in Evocations
  1119 | D:2      | Reached XP level 4. HP: 33/34 MP: 8/8
  1204 | D:2      | Found a burning altar of Makhleb.
  1224 | D:2      | Found an iron altar of Okawaru.
  1706 | D:3      | Reached skill level 1 in Conjurations
  1706 | D:3      | Reached skill level 1 in Charms
  1706 | D:3      | Reached skill level 1 in Summonings
  1706 | D:3      | Reached skill level 1 in Necromancy
  1706 | D:3      | Reached skill level 1 in Translocations
  1706 | D:3      | Reached skill level 1 in Transmutations
  1706 | D:3      | Reached skill level 1 in Fire Magic
  1706 | D:3      | Reached skill level 1 in Ice Magic
  1706 | D:3      | Reached skill level 1 in Air Magic
  1706 | D:3      | Reached skill level 1 in Earth Magic
  1706 | D:3      | Reached skill level 1 in Poison Magic
  1780 | D:3      | Reached XP level 5. HP: 18/40 MP: 9/9
  2024 | D:3      | Noticed a crocodile
  2248 | D:3      | Found an opulent altar of Gozag.
  2967 | D:3      | Killed a crocodile
  2967 | D:3      | Reached XP level 6. HP: 24/47 MP: 9/11
  3377 | D:4      | Noticed a phantom
  3398 | D:4      | Killed a phantom
  3398 | D:4      | Reached skill level 5 in Slings
  3398 | D:4      | Reached skill level 5 in Dodging
  3640 | D:4      | Reached XP level 7. HP: 52/52 MP: 12/12
  3679 | D:5      | Entered Level 5 of the Dungeon
  3968 | D:4      | Found a glowing golden altar of the Shining One.
  5146 | D:5      | Found a staircase to the Ecumenical Temple.
  5158 | Temple   | Entered the Ecumenical Temple
  5177 | Temple   | Became a worshipper of Ashenzari the Shackled
  5264 | D:5      | Learned a level 4 spell: Cause Fear
  5317 | D:5      | Noticed Eustachio
  5607 | D:7      | Reached XP level 8. HP: 26/60 MP: 5/14
  5712 | D:7      | Slain by an ogre

Levels and vault maps discovered:
D:1:      dpeg_arrival_simpleton_b, layout_loops_ring, dk_noncrumbling_3
D:2:      layout_basic, grunt_temple_overflow_open
D:3:      minmay_chambers_of_threes, layout_loops_corners,
          nicolae_gozag_seed_capital, mrwooster_statue_mirror
D:4:      layout_basic, overflow_temple_1_default
D:5:      minmay_general_purpose_star, layout_gridville,
          grunt_dithmenos_smoke_and_mirrors, temple_fountains, first_ration,
          uniq_eustachio
D:6:      layout_loops_ring, uniq_prince_ribbit1
D:7:      layout_loops_ring, grunt_ogre_cave, nemelex_diamond_rough_becter,
          uniq_menkaure
Temple:   lightli_temple_of_artemis

Skill      XL: |  1  2  3  4  5  6  7 |
---------------+----------------------+-----
Invocations    | 1 2 3 |  3.1
Short Blades   | 1 2 |  2.8
Long Blades    | 1 2 |  2.8
Axes           | 1 2 |  2.8
Maces & Flails | 1 2 |  2.8
Polearms       | 1 2 |  2.8
Staves         | 1 2 |  2.8
Bows           | 1 2 |  2.8
Crossbows      | 1 2 |  2.8
Throwing       | 1 2 |  2.8
Armour         | 1 2 |  2.8
Stealth        | 1 2 |  2.8
Shields        | 1 2 |  2.8
Unarmed Combat | 1 2 |  2.8
Evocations     | 1 2 |  2.8
Spellcasting   | 3 4 |  4.0
Conjurations   | 1 2 |  2.2
Charms         | 1 2 |  2.2
Summonings     | 1 2 |  2.2
Necromancy     | 1 2 |  2.2
Translocations | 1 2 |  2.2
Transmutations | 1 2 |  2.2
Fire Magic     | 1 2 |  2.2
Ice Magic      | 1 2 |  2.2
Air Magic      | 1 2 |  2.2
Earth Magic    | 1 2 |  2.2
Poison Magic   | 1 2 |  2.2
Fighting       | 3 |  3.8
Slings         | 5 |  5.4
Dodging        | 5 |  5.4
Hexes          | |  5.9

Action                   |  1- 3 |  4- 6 |  7- 9 || total
-------------------------+-------+-------+-------++-------
Melee: Mace              |       |     9 |    77 ||    86
       Bite              |       |     1 |    19 ||    20
       Dagger            |       |       |    38 ||    38
       Short sword       |       |       |     1 ||     1
       Punch             |       |       |     2 ||     2
 Fire: Hunting sling     |    90 |   191 |    27 ||   308
 Cast: Cause Fear        |       |       |     3 ||     3
  Use: Scroll            |       |     6 |     1 ||     7
       Potion            |       |       |     2 ||     2
 Stab: Sleeping          |       |       |     1 ||     1
  Eat: Chunk             |       |     8 |     7 ||    15
Armor: Robe              |     2 |       |       ||     2
       Leather armour    |       |    15 |    30 ||    45
Dodge: Dodged            |    15 |    63 |   112 ||   190

Table legend:
 A = Non-vault XP
 B = Vault XP
 C = Vault XP percentage of total XP
 D = Non-vault monster count
 E = Vault monster count
 F = Vault count percentage of total count
                 A         B        C        D         E       F
            +---------+---------+-------+---------+---------+-------
      Total |    1052 |     167 |  13.7 |      90 |      14 |  13.5
            +---------+---------+-------+---------+---------+-------
        D:1 |      22 |       0 |   0.0 |      11 |       0 |   0.0
        D:2 |     106 |       0 |   0.0 |      26 |       0 |   0.0
        D:3 |      87 |     153 |  63.8 |      21 |      12 |  36.4
        D:4 |     434 |       0 |   0.0 |      16 |       0 |   0.0
        D:5 |     314 |      14 |   4.3 |      11 |       2 |  15.4
        D:6 |      16 |       0 |   0.0 |       2 |       0 |   0.0
        D:7 |      73 |       0 |   0.0 |       3 |       0 |   0.0
            +---------+---------+-------+---------+---------+-------
